 Dungeon Crawl Stone Soup version 0.19.0-9-gfd783f2 (webtiles) character file.

46379 Gingerlord the Grappler (level 14, -7/216 HPs)
             Began as a Troll Wanderer on Nov 7, 2016.
             Was a High Priest of Makhleb.
             Mangled by a seven-headed hydra (8 damage)
             ... on level 6 of the Lair of Beasts.
             The game lasted 00:51:16 (15758 turns).

Gingerlord the Grappler (Troll Wanderer)           Turns: 15758, Time: 00:51:17

Health: -7/216     AC: 27    Str: 27    XL:     14   Next: 4%
Magic:  20/20      EV:  1    Int: 13    God:    Makhleb [*****.]
Gold:   463        SH:  4    Dex: 12    Spells: 0 memorised, 13 levels left

rFire  . . .     SeeInvis +       - Unarmed
rCold  . . .     Gourm    +     (armour currently unavailable)
rNeg   + + +     Faith    .     (no shield)
rPois  +         Spirit   .     (helmet currently unavailable)
rElec  +         Reflect  +     (cloak currently unavailable)
rCorr  .         Harm     .     (gloves unavailable)
MR     +....     NoTele   +     (boots unavailable)
Stlth  +.........               t - amulet "Ynnunig" {Reflect rElec Int+3 SH+4 SInv}
                                H - +2 ring of evasion
                                v - ring of poison resistance

@: mighty, tree-form, frozen, mesmerised, very slow
A: unfitting armour, (claws 0), fast metabolism 3, gourmand, regeneration 1,
(shaggy fur 0), (tough skin 0)
a: Minor Destruction, Lesser Servant of Makhleb, Major Destruction, Greater
Servant of Makhleb, Renounce Religion


You were on level 6 of the Lair of Beasts.
You worshipped Makhleb.
Makhleb was extremely pleased with you.
You were completely stuffed.
You were a tree.
You visited 4 branches of the dungeon, and saw 19 of its levels.

You collected 858 gold pieces.
You spent 395 gold pieces at shops.

Inventory:

Hand Weapons
 D - a +2 scimitar of flaming
Missiles
 k - a large rock (quivered)
Armour
 a - a +2 robe (melded)
 z - the +3 hat of Taedoe (melded) {rElec}
   (You bought it in a shop on level 7 of the Dungeon)

   It insulates you from electricity.
 A - a +2 cloak (melded)
Jewellery
 t - the amulet "Ynnunig" (around neck) {Reflect rElec Int+3 SH+4 SInv}
   (You bought it in a shop on level 7 of the Dungeon)

   [amulet of reflection]

   It shields you and reflects attacks.
   It affects your intelligence (+3).
   It insulates you from electricity.
   It lets you see invisible.
   It affects your SH (+4).
 v - a ring of poison resistance (left branch)
 H - a +2 ring of evasion (right branch)
Wands
 h - a wand of random effects (27/48)
 F - a wand of iceblast (5/15)
 I - a wand of acid (10/15)
Scrolls
 c - 2 scrolls of identify
 l - 5 scrolls of recharging
 q - 3 scrolls of magic mapping
 s - a scroll of summoning {unknown}
 u - a scroll of silence {unknown}
 w - a scroll of enchant armour
 y - 5 scrolls of fog
 C - 7 scrolls of remove curse
Potions
 e - 4 potions of agility
 g - 3 potions of curing
 j - a potion of cancellation
 m - a potion of ambrosia
 n - a potion of berserk rage
 o - 2 potions of might
 p - 2 potions of flight
 r - a potion of cure mutation
 E - a potion of magic
 G - 3 potions of brilliance
Comestibles
 b - 10 meat rations
 f - 12 bread rations
 i - 13 slices of pizza
 x - 23 fruits
 B - 5 beef jerkies
 J - 2 chunks of flesh


   Skills:
 + Level 10.6 Fighting
   Level 1.0 Bows
 + Level 11.4 Dodging
   Level 1.5 Shields
 * Level 13.3 Unarmed Combat
 + Level 10.0 Invocations


You had 13 spell levels left.
You didn't know any spells.

Dungeon Overview and Level Annotations

Branches:
Dungeon (11/15)            Temple (1/1) D:5            Lair (6/6) D:10
  Swamp (0/4) Lair:4       Spider (0/4) Lair:3        Slime (0/5) Lair:5
    Orc (1/2) D:10

Altars:
Ashenzari
Cheibriados
Elyvilon
Fedhas
Hepliaklqana
Kikubaaqudgha
Makhleb
Okawaru
Qazlal
Ru
Sif Muna
Uskayaw
Vehumet
Zin
The Shining One
Beogh
Jiyva

Shops:
D:7 ([*   D:8 [

Portals:
Ice
Cave: D:11


Innate Abilities, Weirdness & Mutations

You are too large for most types of armour.
((You have claws for hands.))
Your metabolism is lightning-fast.
You like to eat raw meat.
Your natural rate of healing is unusually fast.
((You are covered in fur. (AC +1)))
((You have very tough skin. (AC +2)))


Message History

The seven-headed hydra bites you!
* * * LOW HITPOINT WARNING * * *
You hear an angry hiss.
You feel better. The spiny frog stings you.
* * * LOW HITPOINT WARNING * * *
The polar bear bites you but does no damage.
The polar bear claws you.
* * * LOW HITPOINT WARNING * * *
The polar bear claws you but does no damage.
The wind drake flaps its wings at you. The air twists around and strikes you!
* * * LOW HITPOINT WARNING * * *
The spiny frog stings you!
* * * LOW HITPOINT WARNING * * *
The wind drake exhales a fierce blast of wind!
The monsters around you are blown away!
You block the seven-headed hydra's attack.
The seven-headed hydra bites you but does no damage. x4
The seven-headed hydra bites you!
You die...

....P##≈≈≈#P .#. ≈≈#≈≈ # ≈≈≈≈≈
#≈≈ ≈.. . # #P≈##[. .P ## ≈≈≈
#≈≈≈≈.###.. .###.≈≈
##############≈≈≈≈≈#...#
..#..##≈≈#≈t≈Y≈≈♣kH≈≈(#≈≈##......
.#..≈#≈≈≈#≈≈≈≈≈≈kDk≈≈≈#≈≈##..#...
.....≈≈≈ #2FH≈F≈≈h≈≈≈≈#≈≈≈≈..##..
#...≈≈≈ #≈≈≈≈h=[)≈#≈P.≈≈≈≈..P...
....≈# #?k≈≈k$≈m[≈#≈≈.≈≈##......
.##P.##≈≈.≈#≈≈|≈≈!≈≈≈h.#≈##.†....
....≈≈≈≈≈. #≈≈($:"≈#≈≈.≈≈≈≈...#..
.....≈P≈≈# ≈≈≈≈≈≈≈≈≈≈≈#≈≈≈≈≈#...#
.#...##≈≈# ≈≈≈≈≈≈≈≈≈#≈≈P#.##..P


You could see a merfolk avatar, a seven-headed hydra, an elephant, 4 wind
drakes, a manticore, 2 polar bears, 2 spiny frogs, a harpy, a rime drake, a
crocodile and a friendly balrug.

Vanquished Creatures
  The ghost of Yeoj the Blocker, a journeyman VSFi of Elyvilon (Lair:5)
  The ghost of wojtek the Nimble, a journeyman KoSk of Kikubaaqudgha (Lair:3)
  7 hydras
  Erica (D:10)
  A catoblepas (Lair:4)
  A hill giant (D:10)
  A lindwurm (Lair:6)
  4 elephants
  7 black mambas
  Maurice (D:9)
  2 torpor snails
  A gargoyle (D:10)
  15 spiny frogs
  3 rime drakes
  6 komodo dragons
  A two-headed ogre (D:9)
  A troll (D:10)
  2 hornets (Lair:6)
  Prince Ribbit (D:9)
  Grinder (D:3)
  8 blink frogs
  3 polar bears (Lair:6)
  6 dream sheep (Lair:6)
  3 hippogriffs
  Sigmund (D:6)
  A wraith (D:9)
  2 wyverns
  3 hogs (D:9)
  A human (D:9)
  59 yaks
  4 basilisks
  A warg (D:10)
  8 water moccasins
  11 porcupines
  2 orc warriors
  4 ice beasts
  4 black bears
  A necrophage (D:9)
  4 sky beasts
  4 ogres
  6 wolves (Lair:4)
  5 centaurs
  3 phantoms
  15 crocodiles
  2 big kobolds
  2 elf zombies (D:9)
  12 bullfrogs
  An elf skeleton (D:9)
  4 scorpions
  A troll zombie (D:9)
  5 killer bees (D:7)
  6 wights
  2 electric eels (Lair:1)
  A troll skeleton (D:9)
  3 vampire bats (Lair:3)
  7 howler monkeys
  5 crimson imps
  3 centaur zombies
  2 bullfrog skeletons
  3 human zombies (D:9)
  5 jellies
  10 orc priests
  A centaur skeleton (D:4)
  6 orc wizards
  4 hounds
  3 iguanas
  2 hell rats (Lair:2)
  A human skeleton (D:9)
  9 worker ants
  2 hound skeletons (D:6)
  2 gnolls (D:5)
  11 river rats
  10 adders
  3 shadow imps
  An ooze (Lair:5)
  3 adder skeletons
  4 worms
  A dart slug (D:3)
  7 leopard geckos
  32 orcs
  9 bats
  4 giant cockroaches
  3 goblins
  13 hobgoblins
  8 jackals
  7 quokkas
  3 ball pythons
  2 frilled lizards
  47 kobolds
  A leopard gecko skeleton (D:9)
  14 rats
504 creatures vanquished.

Vanquished Creatures (collateral kills)
  Sonja (D:10)
  A centaur zombie (D:10)
  2 gargoyles (D:10)
  2 blink frogs (Lair:2)
  A bullfrog (D:10)
7 creatures vanquished.

Vanquished Creatures (others)
  A worker ant (D:5)
  8 fungi
  12 plants
21 creatures vanquished.

Grand Total: 532 creatures vanquished

Notes
Turn   | Place    | Note
-------+----------+-------------------------------------------
     0 | D:1      | Gingerlord the Troll Wanderer began the quest for the Orb.
     0 | D:1      | Gingerlord set off with: a +2 robe, a +0 shortbow, 26 arrows, a potion of lignification, 2 bread rations
     0 | D:1      | Reached XP level 1. HP: 19/19 MP: 0/0
   314 | D:1      | Reached XP level 2. HP: 28/28 MP: 1/1
   498 | D:1      | Reached skill level 1 in Unarmed Combat
   777 | D:2      | Reached XP level 3. HP: 34/35 MP: 2/2
   938 | D:2      | Found a sacrificial altar of Ru.
  1244 | D:2      | Reached skill level 2 in Unarmed Combat
  1445 | D:3      | Noticed Grinder
  1445 | D:3      | Paralysed by Grinder for 2 turns
  1625 | D:3      | Reached XP level 4. HP: 42/42 MP: 3/3
  1654 | D:3      | Paralysed by Grinder for 7 turns
  1670 | D:3      | Killed Grinder
  1670 | D:3      | Reached skill level 5 in Dodging
  1670 | D:3      | Reached skill level 3 in Unarmed Combat
  1670 | D:3      | Reached XP level 5. HP: 22/53 MP: 4/4
  1677 | D:3      | Reached XP level 6. HP: 30/61 MP: 5/5
  2449 | D:4      | Reached skill level 4 in Unarmed Combat
  2606 | D:4      | Reached XP level 7. HP: 57/68 MP: 6/6
  2843 | D:4      | Found a faded altar of an unknown god.
  2843 | D:4      | Found a faded altar of an unknown god.
  2848 | D:4      | Found a glowing golden altar of the Shining One.
  2850 | D:4      | Found a faded altar of an unknown god.
  2852 | D:4      | Found a faded altar of an unknown god.
  2881 | D:5      | Entered Level 5 of the Dungeon
  2946 | D:5      | Reached skill level 5 in Unarmed Combat
  3046 | D:5      | Reached XP level 8. HP: 49/79 MP: 7/7
  3207 | D:5      | Found a staircase to the Ecumenical Temple.
  3220 | Temple   | Entered the Ecumenical Temple
  3231 | Temple   | Became a worshipper of Makhleb the Destroyer
  3241 | D:5      | Found a snail-covered altar of Cheibriados.
  3266 | D:5      | Found a radiant altar of Vehumet.
  3404 | D:5      | Found a stormy altar of Qazlal.
  4028 | D:6      | Found a blossoming altar of Fedhas.
  4038 | D:6      | Reached skill level 5 in Fighting
  4155 | D:6      | Reached skill level 6 in Unarmed Combat
  4218 | D:6      | Noticed Sigmund
  4228 | D:6      | Killed Sigmund
  4228 | D:6      | Reached * piety under Makhleb
  4289 | D:6      | Reached XP level 9. HP: 76/89 MP: 8/8
  4521 | D:6      | Reached skill level 7 in Unarmed Combat
  4648 | D:6      | Found a white marble altar of Elyvilon.
  4683 | D:6      | Reached skill level 1 in Invocations
  4801 | D:7      | Found Xish's Assorted Antiques.
  4809 | D:7      | Bought a clouded amethyst amulet for 125 gold pieces
  4809 | D:7      | Identified the amulet "Ynnunig" {Reflect rElec Int+3 SH+4 SInv} (You bought it in a shop on level 7 of the Dungeon)
  5141 | D:7      | Found a glowing silver altar of Zin.
  5263 | D:7      | Found Odoih's Antique Armour Emporium.
  5331 | D:7      | Found a hide-covered altar of Uskayaw.
  5362 | D:7      | Found Iduklyjai's Weapon Shop.
  5432 | D:7      | Reached ** piety under Makhleb
  5798 | D:8      | Reached XP level 10. HP: 70/100 MP: 11/11
  6019 | D:8      | Reached skill level 8 in Unarmed Combat
  6274 | D:8      | Found Feshrojal's Antique Armour Shop.
  6384 | D:7      | Bought a faintly humming hat for 270 gold pieces
  6389 | D:7      | Identified the +3 hat of Taedoe {rElec} (You bought it in a shop on level 7 of the Dungeon)
  6509 | D:9      | Reached *** piety under Makhleb
  6561 | D:9      | Found a shattered altar of Ashenzari.
  6596 | D:9      | Noticed Prince Ribbit
  6616 | D:9      | Killed Prince Ribbit
  6801 | D:9      | Noticed Maurice
  6844 | D:9      | Killed Maurice
  6941 | D:9      | Found an ancient bone altar of Kikubaaqudgha.
  7222 | D:9      | Reached skill level 5 in Invocations
  7242 | D:9      | Reached skill level 9 in Unarmed Combat
  7365 | D:10     | Entered Level 10 of the Dungeon
  7420 | D:10     | Reached **** piety under Makhleb
  7420 | D:10     | Reached XP level 11. HP: 95/110 MP: 14/14
  7496 | D:10     | Found a staircase to the Lair.
  7654 | D:10     | Noticed Sonja
  7740 | D:10     | Noticed Erica
  7765 | D:10     | Killed Erica
  7879 | D:10     | Found a staircase to the Orcish Mines.
  7895 | D:10     | Found a roughly hewn altar of Beogh.
  8331 | Lair:1   | Entered Level 1 of the Lair of Beasts
  8391 | D:10     | HP: 5/111 [gargoyle/flail (7)]
  8401 | D:10     | HP: 8/166 [gargoyle/flail (10)]
  8517 | D:10     | Killed Sonja
  8598 | D:10     | Reached skill level 10 in Unarmed Combat
  8926 | Orc:1    | Entered Level 1 of the Orcish Mines
  8938 | Orc:1    | Noticed an orc warlord
  9274 | D:11     | Found a frozen archway.
  9275 | D:11     | Noticed an ice dragon
  9375 | D:10     | Noticed a hill giant
  9385 | D:10     | Killed a hill giant
  9773 | Lair:1   | Reached XP level 12. HP: 59/122 MP: 16/16
 10497 | Lair:1   | Reached skill level 10 in Dodging
 10727 | Lair:2   | Noticed a four-headed hydra
 10749 | Lair:1   | Killed a one-headed hydra
 10956 | Lair:1   | Reached skill level 11 in Unarmed Combat
 12027 | Lair:2   | Reached ***** piety under Makhleb
 12175 | Lair:3   | Noticed wojtek's ghost (journeyman KoSk)
 12190 | Lair:3   | Killed wojtek's ghost
 12227 | Lair:3   | Reached XP level 13. HP: 133/133 MP: 18/18
 12400 | Lair:3   | Found a hole to the Spider Nest.
 12506 | Lair:3   | Reached skill level 12 in Unarmed Combat
 12630 | Lair:3   | Reached skill level 10 in Fighting
 13396 | Lair:4   | Found a staircase to the Swamp.
 14358 | Lair:5   | Noticed Yeoj's ghost (journeyman VSFi)
 14370 | Lair:5   | Killed Yeoj's ghost
 14547 | Lair:5   | Found a runed door.
 14548 | Lair:5   | Found a viscous altar of Jiyva.
 14551 | Lair:5   | Found a staircase to the Slime Pits.
 14844 | Lair:6   | Entered Level 6 of the Lair of Beasts
 15347 | Lair:6   | Reached skill level 13 in Unarmed Combat
 15668 | Lair:6   | Reached XP level 14. HP: 144/144 MP: 20/20
 15715 | Lair:6   | Reached skill level 10 in Invocations
 15719 | Lair:6   | Reached ****** piety under Makhleb
 15756 | Lair:6   | HP: 9/216 [seven-headed hydra (3)]
 15758 | Lair:6   | HP: 1/216 [spiny frog (8)]
 15758 | Lair:6   | Mangled by a seven-headed hydra

Skill      XL: |  1  2  3  4  5  6  7  8  9 10 11 12 13 14 |
---------------+-------------------------------------------+-----
Unarmed Combat | 1 2 3 4 5 6 7 9 10 11 13 | 13.3
Fighting       | 2 3 4 5 6 7 8 9 10 | 10.6
Dodging        | 5 6 7 8 9 10 11 | 11.4
Invocations    | 3 5 7 8 9 10 | 10.0
Bows           | |  1.0
Shields        | |  1.5

Action                   |  1- 3 |  4- 6 |  7- 9 | 10-12 | 13-15 || total
-------------------------+-------+-------+-------+-------+-------++-------
Melee: Unarmed           |   142 |   162 |   483 |  1089 |   380 ||  2256
       Punch             |       |     3 |    17 |    36 |    30 ||    86
       Scimitar          |       |       |       |     4 |    48 ||    52
Throw: Large rock        |       |       |       |     1 |       ||     1
Invok: Lesser Servant of |       |       |       |    11 |       ||    11
       Major Destruction |       |       |       |     1 |       ||     1
       Greater Servant o |       |       |       |       |     1 ||     1
  Use: Scroll            |     3 |       |    10 |    12 |     4 ||    29
       Potion            |       |     1 |       |     8 |    10 ||    19
 Stab: Sleeping          |       |       |     2 |       |       ||     2
       Distracted        |       |       |       |     2 |       ||     2
  Eat: Chunk             |    17 |    10 |    32 |    60 |    33 ||   152
Armor: Robe              |    47 |    57 |   153 |   297 |   140 ||   694
       Skin              |       |    15 |       |    34 |    58 ||   107
Dodge: Dodged            |    86 |    94 |   299 |   557 |   325 ||  1361
Block: Other             |       |       |    21 |   160 |    90 ||   271
       Reflection        |       |       |       |     3 |     1 ||     4
       Rpst.: Scimitar   |       |       |       |     1 |     8 ||     9
